AoeStats
← Lic. VELEZ Y VINO

Nomad

509679755Analyzed
4v4 RM · 5d ago on Sep 27, 2026· 41m 10s· 8 players
Game mode
Random Map
Map size
231×231
Population
200
Speed
Normal
Resources
Standard
Victory
Conquest
Starting age
Dark Age
Ending age
Imperial Age
RankedLock teamsTeams togetherTeam positionsShared explorationLock speedFull tech treeHidden civsTurbo modeCheats
Victory
Defeat
🇦🇷 Britons · Argentina
1717
+15
🇦🇷 Bohemians · Argentina
1696
+16
🇦🇷 Georgians · Argentina
1631
+18
🇦🇷 Poles · Argentina
1590
+20
🇫🇷 Italians · France
1783
-20
🇫🇷 Slavs · France
1771
-21
🇫🇷 Franks · France
1668
-17
🇫🇷 Bengalis · France
1526
-11
Bill Order
6:33 Loom
12:24 Feudal Age
12:58 Double-Bit Axe
17:45 Town Watch
18:58 Horse Collar
24:35 Castle Age
25:07 Forging
26:51 Bow Saw
26:51 Heavy Plow
28:56 Medium Warships
29:22 Stone Mining
29:57 Gold Mining
30:43 Wheelbarrow
32:45 Redemption
34:00 Hand Cart
34:54 Bloodlines
34:52 Scale Barding Armor
35:01 Husbandry
37:48 Imperial Age
36:04 Chain Barding Armor
36:52 Iron Casting
37:18 Szlachta Privileges
38:04 Treadmill Crane
38:22 Cavalier
40:05 Blast Furnace
40:10 Conscription
39:42 Light Cavalry
qwertyoN.-
10:38 Loom
12:43 Feudal Age
16:41 Castle Age
18:19 Scale Barding Armor
18:33 Double-Bit Axe
20:57 Fishing Lines
23:16 Horse Collar
24:18 Forging
31:12 Wheelbarrow
32:12 Hand Cart
36:08 Imperial Age
34:29 Bow Saw
34:38 Heavy Plow
35:25 Bloodlines
35:15 Husbandry
34:36 Light Cavalry
35:02 Light Cavalry
37:09 Iron Casting
37:12 Gold Mining
37:12 Stone Mining
38:30 Chain Barding Armor
39:48 Plate Barding Armor
40:51 Town Watch
41:53 Conscription
MUERE CACA
5:04 Loom
13:15 Feudal Age
16:47 Castle Age
15:15 Double-Bit Axe
17:42 Bow Saw
18:42 Fishing Lines
25:44 Gillnets
26:52 Sanctity
26:43 Fervor
27:16 Wheelbarrow
26:59 Horse Collar
29:41 Hand Cart
30:11 Devotion
33:28 Imperial Age
33:44 Chemistry
32:58 Wagenburg Tactics
34:34 Conscription
34:40 Houfnice
35:29 Siege Engineers
35:58 Town Watch
36:59 Elite Hussite Wagon
39:44 Faith
Lic. VELEZ Y VINO
10:03 Loom
12:32 Feudal Age
16:13 Castle Age
15:16 Double-Bit Axe
18:20 Fletching
19:55 Bow Saw
20:53 Fishing Lines
22:35 Medium Warships
22:43 Bodkin Arrow
25:28 Wheelbarrow
25:22 Horse Collar
27:24 Ballistics
29:12 Hand Cart
29:38 Gold Mining
29:38 Stone Mining
30:24 Padded Archer Armor
34:51 Imperial Age
34:50 Yeomen
35:52 Bracer
36:53 Chemistry
36:48 Leather Archer Armor
37:02 Heavy Plow
38:59 Conscription
38:37 Treadmill Crane
39:38 Elite Longbowman
41:13 Hoardings
Beauvéro
5:05 Loom
13:53 Feudal Age
17:56 Castle Age
15:46 Double-Bit Axe
16:09 Gold Mining
17:07 Fishing Lines
17:52 Town Watch
19:03 Medium Warships
19:24 Bow Saw
20:12 Forging
23:11 Horse Collar
24:03 Bloodlines
25:52 Stone Mining
29:29 Scale Barding Armor
31:46 Iron Casting
34:54 Chain Barding Armor
40:08 Imperial Age
38:39 Gold Shaft Mining
41:29 Plate Barding Armor
40:19 Cavalier
41:00 Husbandry
Roronoa Yolo
3:34 Loom
14:31 Feudal Age
20:36 Castle Age
24:24 Castle Age
32:22 Double-Bit Axe
41:09 Wheelbarrow
40:51 Fletching
Zantorix
4:50 Loom
13:54 Feudal Age
14:36 Town Watch
18:31 Castle Age
20:01 Scale Barding Armor
19:55 Double-Bit Axe
28:02 Forging
29:46 Chain Barding Armor
29:50 Bow Saw
30:46 Caravan
31:38 Husbandry
42:38 Imperial Age
guimbo
9:13 Loom
12:49 Feudal Age
13:34 Double-Bit Axe
20:40 Castle Age
21:34 Bow Saw
21:07 Horse Collar
21:53 Heavy Plow
28:16 Redemption
29:23 Sanctity
29:53 Gold Mining
32:19 Wheelbarrow
35:40 Imperial Age
33:48 Stone Mining
33:54 Town Watch
37:23 Chemistry
37:03 Theocracy
36:54 Illumination
36:47 Block Printing
36:59 Illumination
37:44 Fletching
38:09 Fervor
38:27 Hand Cart
39:09 Masonry
Connection lost

Rejoining the realm…

Still unreachable

The connection could not be restored.

Session expired

The server has moved on; the page needs a fresh start.